 Dungeon Crawl Stone Soup version 0.28.0-45-g0d030f2227 (webtiles) character file.

Game seed: 2572878748937983351

38 dianekeaton the Chopper (level 3, 0/31 HPs)
             Began as a Hill Orc Fighter on Apr 5, 2022.
             Slain by Sigmund
             ... wielding a +0 scythe
              (4 damage)
             ... on level 2 of the Dungeon.
             The game lasted 00:04:39 (1455 turns).

dianekeaton the Chopper (Hill Orc Fighter)          Turns: 1455, Time: 00:04:40

Health: 0/31       AC:  9    Str: 20    XL:     3   Next: 43%
Magic:  3/3        EV:  7    Int:  8    God:
Gold:   95         SH:  4    Dex: 10    Spells: 2/2 levels left

rFire   . . .      SeeInvis .   a - +0 war axe
rCold   . . .      Faith    .   c - +0 buckler
rNeg    . . .      Spirit   .   e - +0 chain mail
rPois   .          Reflect  .   (no helmet)
rElec   .          Harm     .   (no cloak)
rCorr   .          Rampage  .   (no gloves)
Will    .....                   (no boots)
Stlth   ..........              (no amulet)
HPRegen 0.10/turn               (no ring)
MPRegen 0.08/turn               (no ring)

@: mighty
A: no striking features
a: no special abilities


You were on level 2 of the Dungeon.
You visited 1 branch of the dungeon, and saw 2 of its levels.

You collected 95 gold pieces.

Inventory:

Hand Weapons
 a - a +0 war axe (weapon)
Armour
 c - a +0 buckler (worn)
 e - a +0 chain mail (worn)
Scrolls
 g - a scroll of torment {unknown}
Potions
 b - 2 potions of flight {unknown}
 f - 2 potions of brilliance
 i - a potion of heal wounds {unknown}


   Skills:
 - Level 3.6 Fighting
 + Level 4.8 Axes
 - Level 3.2 Armour
 + Level 0.4 Dodging
 - Level 3.2 Shields


You had 2 spell levels left.
You didn't know any spells.
Your spell library was empty.

Dungeon Overview and Level Annotations

Branches:
Dungeon (2/15)

Altars:

Annotations:
D:2 Sigmund


Message History

Throw: 3 darts (poison)
Press: ? - help, Q - select action Shift-Dir - straight line, f/p - Sigmund
Aim: Sigmund, wielding a +0 scythe, wearing a +0 robe and carrying a wand of flame (29) (52% to hit)
You throw a poisoned dart.
The poisoned dart closely misses Sigmund.
Sigmund zaps a wand.
The puff of flame hits you.
Throw: 2 darts (poison)
Press: ? - help, Q - select action Shift-Dir - straight line, f/p - Sigmund
Aim: Sigmund, wielding a +0 scythe, wearing a +0 robe and carrying a wand of flame (28) (52% to hit)
You throw a poisoned dart. The poisoned dart hits Sigmund.
Throw: dart (poison)
Press: ? - help, Q - select action Shift-Dir - straight line, f/p - Sigmund
Aim: Sigmund, wielding a +0 scythe, wearing a +0 robe and carrying a wand of flame (28) (52% to hit)
You throw a poisoned dart.
The poisoned dart closely misses Sigmund.
Sigmund zaps a wand.
The puff of flame hits you!
Sigmund zaps a wand.
The puff of flame hits you. Sigmund gestures at you while chanting.
You resist with significant effort.
Sigmund zaps a wand.
The puff of flame hits you!
* * * LOW HITPOINT WARNING * * *
Sigmund points at you and mumbles some strange words.
You are confused.
Sigmund mumbles some strange words.
Sigmund flickers and vanishes!
Deactivating autopickup; reactivate with Ctrl-A.
You bump into the rock wall.
You feel less confused.
You hear a zap.
A puff of flame appears from out of thin air!
You block the puff of flame.
Okay, then.
You feel very mighty all of a sudden.
You hear a zap.
A puff of flame appears from out of thin air!
The puff of flame hits you.
* * * LOW HITPOINT WARNING * * *
You see here a frilled lizard corpse.
Something hits you.
You die...

######............... ...#
###.......#...##
...#####.......+...#
..........÷....#.#.#
##.............#.#.#
...............#.#.#
..######.......#.#.### ..#
#.......#.#.#.. ..#
#######..@..#.# ..#
#.#.†.#.###### ..#
#.###.#.##...# ..##########
#.#.†........# ............
#.#...##...#
..##############.#.####...#
...................# #...#
################.#.####{..#
#.#........#


There were no monsters in sight!

Vanquished Creatures
  2 worms (D:2)
  A dart slug (D:2)
  6 bats
  4 endoplasms
  A giant cockroach (D:1)
  3 hobgoblins
  A kobold (D:2)
  A quokka (D:1)
  4 ball pythons (D:1)
  2 frilled lizards
  6 rats
31 creatures vanquished.

Vanquished Creatures (others)
  4 plants (D:1)
4 creatures vanquished.

Grand Total: 35 creatures vanquished

Notes
Turn   | Place    | Note
-------+----------+-------------------------------------------
     0 | D:1      | dianekeaton the Hill Orc Fighter began the quest for the
                  | Orb.
     0 | D:1      | Reached XP level 1. HP: 19/19 MP: 1/1
   104 | D:1      | Reached skill level 3 in Axes
   371 | D:1      | Reached XP level 2. HP: 25/26 MP: 2/2
   541 | D:1      | Reached skill level 4 in Axes
  1107 | D:2      | Reached XP level 3. HP: 20/31 MP: 3/3
  1270 | D:2      | Found a faded altar of an unknown god.
  1420 | D:2      | Noticed Sigmund
  1455 | D:2      | Slain by Sigmund

Illustrated notes

Levels and vault maps discovered:
D:1:      evilmike_arrival_rings, layout_loops_ring, serial_bayou_ford_a
D:2:      layout_basic, basic_altar, hellmonk_ecumenical_altar_lost_god,
          uniq_jessica, uniq_sigmund

Skill      XL: |  1  2 |
---------------+-------+-----
Axes           | 3 4 |  4.8
Fighting       | |  3.6
Armour         | |  3.2
Dodging        | |  0.4
Shields        | |  3.2

Action                   || total
-------------------------++-------
Melee: War axe           ||    97
Throw: Dart              ||     4
  Use: Scroll            ||     4
       Potion            ||     1
Armor: Scale mail        ||    63
       Chain mail        ||     7
Dodge: Dodged            ||    55
Block: Buckler           ||    26
